 Dungeon Crawl Stone Soup version 0.28.0-43-g3370ac3207 (webtiles) character file.

Game seed: 16142023508069461234

52 Eitelfritz the Slasher (level 3, -1/31 HPs)
             Began as a Minotaur Gladiator on Mar 3, 2022.
             Slain by an orc priest
             ... wielding a +0 hand axe
              (2 damage)
             ... on level 3 of the Dungeon.
             The game lasted 00:02:11 (1704 turns).

Eitelfritz the Slasher (Minotaur Gladiator)         Turns: 1704, Time: 00:02:11

Health: -1/31      AC:  5    Str: 18    XL:     3   Next: 60%
Magic:  2/2        EV: 11    Int:  7    God:
Gold:   65         SH:  0    Dex: 11    Spells: 2/2 levels left

rFire   . . .      SeeInvis .   a - +0 long sword
rCold   . . .      Faith    .   (no shield)
rNeg    . . .      Spirit   .   g - +0 ring mail
rPois   .          Reflect  .   c - +0 hat
rElec   .          Harm     .   (no cloak)
rCorr   .          Rampage  .   (no gloves)
Will    .....                   (no boots)
Stlth   +.........              (no amulet)
HPRegen 0.10/turn               (no ring)
MPRegen 0.08/turn               (no ring)

@: no status effects
A: horns 2, retaliatory headbutt
a: no special abilities


You were on level 3 of the Dungeon.
You visited 1 branch of the dungeon, and saw 3 of its levels.

You collected 65 gold pieces.

Inventory:

Hand Weapons
 a - a +0 long sword (weapon)
Missiles
 b - 27 arrows
 d - 4 throwing nets (quivered)
 f - 3 datura-tipped darts
Armour
 c - a +0 hat (worn)
 g - a +0 ring mail (worn)
 m - a +0 chain mail
Scrolls
 h - a scroll of blinking {unknown}
 k - a scroll of vulnerability {unknown}
 n - a scroll of fear {unknown}
Potions
 e - 2 potions of heal wounds {unknown}
 i - 3 potions of magic {unknown}
 j - 2 potions of curing {unknown}
 l - a potion of flight {unknown}


   Skills:
 + Level 3.1 Fighting
 + Level 4.6 Long Blades
 + Level 2.2 Throwing
 + Level 0.3 Armour
 + Level 3.7 Dodging


You had 2 spell levels left.
You didn't know any spells.
Your spell library contained the following spells:

 Spells                   Type           Power      Damage    Failure   Level
 Confusing Touch          Hex            0%         N/A       94%         3
 Frozen Ramparts          Ice            0%         1d2       94%         3
 Ice Form                 Ice/Tmut       0%         N/A       100%        4
 Summon Ice Beast         Ice/Summ       0%         N/A       100%        4
 Yara's Violent Unravell  Hex/Tmut       0%         3d3       100%        5
 Enfeeble                 Hex            0%         N/A       100%        7


Dungeon Overview and Level Annotations

Branches:
Dungeon (3/15)

Altars:


Innate Abilities, Weirdness & Mutations

You have a pair of horns on your head.
You reflexively headbutt those who attack you in melee.


Message History

A kobold comes into view. It is wielding a +0 short sword.
Found 19 stones and 8 gold pieces.
You start resting.
An orc priest is nearby!
You slash the orc priest! Your headbutt misses the orc priest.
The orc priest is heavily wounded.
The orc priest looks braver for a moment.
The orc hits you but does no damage.
The orc priest begins to cast a cantrip, but forgets the words!
You closely miss the orc priest. You headbutt the orc priest.
The orc priest is severely wounded.
The orc hits you but does no damage.
The orc priest hits you with a +0 hand axe!
You closely miss the orc priest.
The orc priest is severely wounded.
The orc hits you but does no damage. The orc priest barely misses you.
You furiously retaliate!
You headbutt the orc priest. You barely miss the orc priest.
Your headbutt misses the orc priest.
The orc priest is almost dead.
The orc completely misses you.
The orc priest looks braver for a moment.
The orc barely misses you.
You hit the orc priest but do no damage.
The orc priest is almost dead.
The orc priest miscasts a cantrip.
The orc completely misses you.
You hit the orc priest.
The orc priest is almost dead.
The orc priest casts a cantrip, but nothing happens.
The orc hits you with a +0 dagger.
You hit the orc priest but do no damage.
Your headbutt misses the orc priest.
The orc priest is almost dead.
The orc priest calls down the wrath of Beogh upon you.
Beogh smites you!
* * * LOW HITPOINT WARNING * * *
The orc hits you with a +0 dagger.
* * * LOW HITPOINT WARNING * * *
The orc priest hits you with a +0 hand axe.
You die...

### #.. ### #####
#.# #.. ...# #.#
#.#####.### ##.##
#.##......###...###
#.##.##..#....#.@o#
........#.###...#o#
####.############K#
#...# .....#


8o8 ####.##....# ..... #.........# 8.....8 #<.......##.........
##..#.#.<.#8..o......8 #.....#...+..K$.(.....+ You could see an orc priest, 2
orcs and a kobold.

Vanquished Creatures
  A worm (D:2)
  2 dart slugs
  An orc (D:3)
  4 ball pythons
  3 endoplasms
  3 giant cockroaches
  3 goblins
  5 hobgoblins
  6 jackals (D:1)
  2 quokkas
  2 bats
  A frilled lizard (D:2)
  3 kobolds
36 creatures vanquished.

Notes
Turn   | Place    | Note
-------+----------+-------------------------------------------
     0 | D:1      | Eitelfritz the Minotaur Gladiator began the quest for the
                  | Orb.
     0 | D:1      | Reached XP level 1. HP: 18/18 MP: 0/0
   242 | D:1      | Reached XP level 2. HP: 24/25 MP: 1/1
   276 | D:1      | Found a faded altar of an unknown god.
   522 | D:1      | Reached skill level 4 in Long Blades
   929 | D:2      | Reached XP level 3. HP: 25/31 MP: 2/2
  1704 | D:3      | HP: 1/31 [orc/+0 dagger (1)]
  1704 | D:3      | Slain by an orc priest

Illustrated notes

Levels and vault maps discovered:
D:1:      minmay_arrival_jagged, layout_basic,
          ebering_ecumenical_altar_abandoned, chequers_serial_rivers_micro_d,
          nicolae_figureground_sparkle
D:2:      layout_basic
D:3:      layout_loops_cross, mainiacjoe_overflow_brackets, dk_noncrumbling_4,
          dk_noncrumbling_3, grunt_decor_mini_mirrors, uniq_natasha

Skill      XL: |  1  2 |
---------------+-------+-----
Long Blades    | 4 |  4.6
Fighting       | 3 |  3.1
Throwing       | |  2.2
Armour         | |  0.3
Dodging        | |  3.7

Action                   || total
-------------------------++-------
Melee: Long sword        ||    85
       Headbutt          ||     7
       Punch             ||     1
Armor: Leather armour    ||     5
       Ring mail         ||    25
Dodge: Dodged            ||    53
